 Dungeon Crawl Stone Soup version 0.21-a0-521-g1cd18d1 (webtiles) character file.

153 slep the Chopper (level 5, -3/40 HPs)
             Began as a Demonspawn Gladiator on Dec 6, 2017.
             Slain by an orc
             ... wielding a +0 short sword
              (5 damage)
             ... on level 3 of the Dungeon.
             The game lasted 00:07:52 (2087 turns).

slep the Chopper (Demonspawn Gladiator)             Turns: 2087, Time: 00:07:52

Health: -3/40      AC: 10    Str: 15    XL:     5   Next: 12%
Magic:  5/5        EV: 11    Int:  9    God:
Gold:   87         SH:  0    Dex: 15    Spells: 4/4 levels left

rFire    . . .     SeeInvis .   a - +0 war axe
rCold    . . .     Gourm    .   (no shield)
rNeg     . . .     Faith    .   t - +0 scale mail
rPois    .         Spirit   .   c - +0 helmet
rElec    .         Reflect  .   (no cloak)
rCorr    .         Harm     .   (no gloves)
MR       .....                  (no boots)
Stlth    ..........             (no amulet)
HPRegen  0.13/turn              (no ring)
MPRegen  0.09/turn              (no ring)

@: no status effects
A: thin metallic scales 2
a: no special abilities


You were on level 3 of the Dungeon.
You were not hungry.

You visited 1 branch of the dungeon, and saw 3 of its levels.

You collected 87 gold pieces.

Inventory:

Hand Weapons
 a - a +0 war axe (weapon)
Missiles
 d - 3 throwing nets (quivered)
Armour
 b - a +0 leather armour
 c - a +0 helmet (worn)
 t - a +0 scale mail (worn)
Scrolls
 e - 5 scrolls of teleportation {unknown}
 g - 2 scrolls of remove curse {unknown}
 h - a scroll of amnesia {unknown}
 k - 3 scrolls of identify {unknown}
 n - a scroll of noise {unknown}
 o - a scroll of fear {unknown}
 p - 2 scrolls of immolation {unknown}
Potions
 i - a potion of haste {unknown}
 l - a potion of might {unknown}
 m - a potion of mutation {unknown}
 q - a potion of resistance {unknown}
 u - a potion of degeneration {unknown}
 v - a potion of heal wounds {unknown}
Comestibles
 f - 2 bread rations
 j - 2 meat rations
 s - a royal jelly


   Skills:
 + Level 2.9 Fighting
 + Level 4.0 Axes
 + Level 2.0 Throwing
 + Level 1.0 Armour
 + Level 3.2 Dodging
 + Level 0.8 Stealth


You had 4 spell levels left.
You didn't know any spells.

Dungeon Overview and Level Annotations

Branches:
Dungeon (3/15)

Altars:
Ashenzari
Hepliaklqana
Makhleb
Trog


Innate Abilities, Weirdness & Mutations

You are mostly covered in thin metallic scales. (AC +3)


Message History

You hit the orc. The orc wizard closely misses you.
The orc wizard hits you but does no damage.
You closely miss the orc wizard.
The orc wizard is heavily wounded.
You hit the orc. The orc wizard closely misses you. The orc misses you.
The orc wizard points at you and mumbles some strange words.
The magic dart hits you!
* * * LOW HITPOINT WARNING * * *
You barely miss the orc wizard.
The orc wizard is heavily wounded.
You barely miss the orc. You slash the orc!
You kill the orc!
The orc wizard hits you but does no damage.
The orc hits you but does no damage. The orc wizard misses you.
You hit the orc wizard.
The orc wizard is heavily wounded.
You hit the orc. You barely miss the orc.
The orc wizard hits you but does no damage.
The orc hits you with a short sword.
You die...

#####+### ....#
#.......# ...#
#.......# ...#
#.......# ..# ##
#.......+ ..# .#
#.......# #.# .#
##.....## #.# .#
#.....# ##o##
.####.....## ##o@.#
.'..'...(.##.##.o.#
.####........##...#
.....<......>.....#
#.#.###.#.####..###
#.#.....#.#####.#
............###.#
..............#.#
#....†........#.#


You could see an orc wizard and 2 orcs.

Vanquished Creatures
  An orc wizard (D:3)
  Natasha (twice) (D:2)
  2 adders (D:3)
  2 worms
  2 dart slugs
  3 leopard geckos
  3 orcs
  A giant cockroach (D:1)
  5 goblins
  5 hobgoblins
  5 jackals
  3 kobolds
  2 quokkas (D:2)
  2 ball pythons
  7 bats
  A frilled lizard (D:2)
  3 rats
49 creatures vanquished.

Notes
Turn   | Place    | Note
-------+----------+-------------------------------------------
     0 | D:1      | slep the Demonspawn Gladiator began the quest for the Orb.
     0 | D:1      | Reached XP level 1. HP: 16/16 MP: 1/1
   144 | D:1      | Gained mutation: You are partially covered in thin metallic scales. (AC +2) [demonic ancestry]
   144 | D:1      | Reached XP level 2. HP: 14/22 MP: 2/2
   329 | D:1      | Reached skill level 3 in Axes
   639 | D:2      | Reached XP level 3. HP: 26/27 MP: 3/3
   690 | D:2      | Found a shattered altar of Ashenzari.
   715 | D:2      | Noticed Natasha
   727 | D:2      | Killed Natasha
   974 | D:2      | Noticed Natasha
  1012 | D:2      | Killed Natasha
  1012 | D:2      | Reached XP level 4. HP: 19/34 MP: 4/4
  1096 | D:2      | Found a burning altar of Makhleb.
  1886 | D:3      | Found a hazy altar of Hepliaklqana.
  1904 | D:3      | Found a bloodstained altar of Trog.
  2082 | D:3      | Reached skill level 4 in Axes
  2082 | D:3      | Reached skill level 1 in Armour
  2082 | D:3      | Gained mutation: You are mostly covered in thin metallic scales. (AC +3) [demonic ancestry]
  2082 | D:3      | Reached XP level 5. HP: 9/40 MP: 5/5
  2085 | D:3      | HP: 2/40 [orc wizard/magic dart (8)]
  2087 | D:3      | Slain by an orc

Vault maps used:
D:1:      saegor_arrival_simple_a
D:2:      lightli_temple_of_fire, evilmike_ruin_ashenzari, uniq_natasha
D:3:      zin_treasury, grunt_temple_overflow_open, mrwooster_statue_mirror

Skill      XL: |  1  2  3  4 |
---------------+-------------+-----
Throwing       | 2 |  2.0
Axes           | 3 4 |  4.0
Dodging        | 3 |  3.2
Armour         | 1 |  1.0
Fighting       | |  2.9
Stealth        | |  0.8

Action                   |  1- 3 |  4- 6 || total
-------------------------+-------+-------++-------
Melee: War axe           |   107 |    48 ||   155
 Stab: Sleeping          |       |     2 ||     2
  Eat: Chunk             |       |     4 ||     4
Armor: Leather armour    |    36 |     7 ||    43
       Scale mail        |       |    31 ||    31
Dodge: Dodged            |   116 |    38 ||   154

Table legend:
 A = Spawn XP
 B = Non-spawn XP
 C = Spawn XP percentage of total XP
 D = Spawn monster count
 E = Non-spawn monster count
 F = Spawn count percentage of total count
 G = Total turns spent on level
                    A         B        C        D         E        F      G
               +---------+---------+-------+---------+---------+-------+---------
         Total |       0 |     219 |   0.0 |       0 |      49 |   0.0 |  2087
               +---------+---------+-------+---------+---------+-------+---------
           D:1 |       0 |      33 |   0.0 |       0 |      18 |   0.0 |   605
           D:2 |       0 |     103 |   0.0 |       0 |      19 |   0.0 |  1137
           D:3 |       0 |      83 |   0.0 |       0 |      12 |   0.0 |   345
               +---------+---------+-------+---------+---------+-------+---------
